 Dungeon Crawl Stone Soup version 0.31-a0-369-g8eba5f6939 (webtiles) character file.

Game seed: 4359597754592892364

53 Gelion the Changeling (level 3, -5/24 HPs)
             Began as an Octopode Shapeshifter on July 28, 2023.
             Slain by Sigmund
             ... wielding a +0 scythe
              (6 damage)
             ... on level 2 of the Dungeon.
             The game lasted 00:02:01 (795 turns).

Gelion the Changeling (Octopode Shapeshifter)        Turns: 795, Time: 00:02:02

Health: -5/24      AC:  1    Str: 20    XL:     3   Next: 89%
Magic:  3/3        EV: 13    Int: 10    God:
Gold:   95         SH:  0    Dex: 14    Spells: 2/2 levels left

rFire   . . .        c - +1 dagger (speed)
rCold   . . .        (no shield)
rNeg    . . .        (helmet currently unavailable)
rPois   .            (no amulet)
rElec   .            d - +6 ring of strength
rCorr   .            (no ring)
SInv    .            (no ring)
Will    .....        (no ring)
Stlth   ++           (no ring)
HPRegen 0.24/turn    (no ring)
MPRegen 0.08/turn    (no ring)
                     (no ring)

%: no passive effects
@: beast-form
A: beast (slay +2), almost no armour, amphibious, 8 rings, camouflage 1,
gelatinous body 1, (nimble swimmer 1), tentacles
a: Begin Untransformation


You were on level 2 of the Dungeon.
You were a hulking beast.
You visited 1 branch of the dungeon, and saw 2 of its levels.

You collected 95 gold pieces.

Inventory:

Hand Weapons
 c - a +1 dagger of speed (weapon)
Jewellery
 d - a +6 ring of strength (left tentacle)
 g - a +6 ring of strength
Talismans
 b - a beast talisman
Scrolls
 f - a scroll of identify
Potions
 a - a potion of lignification
 e - a potion of invisibility {unknown}
 h - a potion of curing {unknown}
 i - a potion of heal wounds


   Skills:
 + Level 1.9 Fighting
 - Level 2.0 Dodging
 + Level 3.4 Unarmed Combat
 * Level 3.6 Shapeshifting


You had 2 spell levels left.
You didn't know any spells.
Your spell library was empty.

Dungeon Overview and Level Annotations

Branches:
Dungeon (2/15)

Altars:

Annotations:
D:2 Sigmund


Innate Abilities, Weirdness & Mutations

You are a hulking beast.
Your limbs bulge with bestial killing power. (Slay +2)
You cannot wear most types of armour.
You are amphibious.
You can wear up to eight rings at the same time.
Your skin changes colour to match your surroundings (Stealth+).
Your rubbery body absorbs attacks. (AC +1, EV +1)
((You are camouflaged when in or above water. (Stealth+)))
You have tentacles for arms and can constrict up to eight enemies at once.


Message History

The frilled lizard hisses angrily. x2
Sigmund says, "Don't worry, I'll kill you fast."
You hear an angry hiss.
Sigmund points at you and mumbles some strange words.
The puff of flame hits you.
Sigmund mumbles some strange words.
Sigmund flickers and vanishes!
Deactivating autopickup; reactivate with Ctrl-A.
You barely miss the giant cockroach. You grab the giant cockroach.
You tentacle-slap the giant cockroach, but do no damage.
You constrict the giant cockroach. You hit the giant cockroach.
The giant cockroach is severely wounded.
You constrict the giant cockroach, but do no damage.
The giant cockroach barely misses you.
You release your grip on the giant cockroach.
The giant cockroach closely misses you.
The giant cockroach attacks as you move away!
The giant cockroach barely misses you. The giant cockroach misses you.
You closely miss the giant cockroach. You grab the giant cockroach.
Your squeeze misses the giant cockroach.
The giant cockroach is severely wounded.
You constrict the giant cockroach, but do no damage.
The giant cockroach barely misses you.
You release your grip on the giant cockroach.
You hit the giant cockroach but do no damage.
You grab the giant cockroach. You squeeze the giant cockroach.
You kill the giant cockroach!
A puff of flame appears from out of thin air!
The puff of flame hits you!
A puff of flame appears from out of thin air!
The puff of flame hits you.
A magic dart appears from out of thin air!
The magic dart hits you!
* * * LOW HITPOINT WARNING * * *
Something hits you.
* * * LOW HITPOINT WARNING * * *
You see here a giant cockroach corpse.
You hit something. Something hits you.
You die...

##.#####.##.#
##.#.##
#...####.##.#
##.##
#.#......##.#
###
#(.<.....##.#
#..####l###.#
#.# #.# #l#
#.# #.# #.#
#.# #h# #.#
#{# #.###l#
#....l#
#######


You could see 2 frilled lizards.

Vanquished Creatures
  3 adders (D:2)
  2 bats (D:1)
  3 endoplasms
  A giant cockroach (D:2)
  4 goblins
  4 hobgoblins
  A kobold (D:1)
  A quokka (D:1)
  4 ball pythons
  2 rats (D:2)
25 creatures vanquished.

Notes
Turn   | Place    | Note
-------+----------+-------------------------------------------
     0 | D:1      | Gelion the Octopode Shapeshifter began the quest for the
                  | Orb.
     0 | D:1      | Reached XP level 1. HP: 13/13 MP: 1/1
   147 | D:1      | Reached XP level 2. HP: 11/18 MP: 2/2
   521 | D:2      | Reached XP level 3. HP: 23/23 MP: 3/3
   763 | D:2      | Noticed Sigmund
   793 | D:2      | HP: 1/24 [something/magic dart (7)]
   795 | D:2      | Slain by Sigmund

Illustrated notes

Levels and vault maps discovered:
D:1:      ncdulo_lavacross, layout_rooms, hex_large
D:2:      layout_loops_ring, grunt_ministairs_13, minmay_lizard_pond,
          uniq_natasha, uniq_terence, uniq_sigmund

Action                     || total
---------------------------++-------
  Melee: Dagger            ||    50
         Unarmed           ||     2
         Constrict         ||    14
         Tentacles         ||    10
         Punch             ||     4
    Use: Scroll            ||     3
   Stab: Sleeping          ||     3
 Armour: Skin              ||     5
  Dodge: Dodged            ||    34

Table legend: (Time is in decaauts)
 A = Elapsed time spent in this place.
 B = Non-inter-level travel time spent in this place.
 C = Inter-level travel time spent in this place.
 D = Time resting spent in this place.
 E = Time spent auto-exploring this place.
 F = Levels seen in this place.
 G = Mean time per level.
                   A        B        C        D        E       F      G
               +--------+--------+--------+--------+--------+-----+--------+
         Total |    777 |    757 |     20 |      2 |    594 |   2 |  388.5 |
       Dungeon |    777 |    757 |     20 |      2 |    594 |   2 |  388.5 |
               +--------+--------+--------+--------+--------+-----+--------+

Top non-repeatable levels by time:
     D:1: 507 daAuts
     D:2: 269 daAuts
